 Dungeon Crawl Stone Soup version 0.19.5 (webtiles) character file.

303 Forgotmypassicot the Chiller (level 6, -2/46 HPs)
             Began as a Merfolk Ice Elementalist on Apr 29, 2017.
             Killed from afar by an orc wizard (6 damage)
             ... with a magic dart
             ... on level 4 of the Dungeon.
             The game lasted 00:33:17 (3551 turns).

Forgotmypassicot the Chiller (MfIE)                 Turns: 3551, Time: 00:33:18

Health: -2/46      AC:  8    Str:  8    XL:     6   Next: 38%
Magic:  2/10       EV: 20    Int: 14    God:
Gold:   220        SH:  0    Dex: 22    Spells: 3 memorised, 5 levels left

rFire  + . .     SeeInvis .     e - +0 dagger
rCold  . . .     Gourm    .     i - +1 robe
rNeg   . . .     Faith    .     (no shield)
rPois  .         Spirit   .     (no helmet)
rElec  .         Reflect  .     (no cloak)
rCorr  .         Harm     .     (no gloves)
MR     .....                    (no boots)
Stlth  ++++......               (no amulet)
                                (no ring)
                                k - ring of protection from fire

@: agile, icy armour, very slightly contaminated, slow
A: change form in water, swift swim, stealthy swim
a: no special abilities


You were on level 4 of the Dungeon.
You were hungry.

You visited 1 branch of the dungeon, and saw 4 of its levels.
You also visited: Ossuary.

You collected 220 gold pieces.

Inventory:

Hand Weapons
 e - a +0 dagger (weapon)
Armour
 i - a +1 robe (worn)
Jewellery
 k - a ring of protection from fire (left hand)
Scrolls
 j - a scroll of enchant weapon
Potions
 d - a potion of degeneration {unknown}
Books
 b - a book of Frost

   Spells                             Type                      Level
   a - Freeze                         Ice                          1
   b - Throw Frost                    Conjuration/Ice              2
   c - Ozocubu's Armour               Charms/Ice                   3
   d - Throw Icicle                   Conjuration/Ice              4
   e - Summon Ice Beast               Ice/Summoning                4
Comestibles
 c - 2 bread rations
 f - a slice of pizza
 g - 4 fruits
 m - 2 beef jerkies


   Skills:
 * Level 2.5 Fighting
 + Level 0.5 Short Blades
 + Level 3.6 Dodging
 + Level 3.1 Stealth
 + Level 3.3 Spellcasting
 + Level 1.2 Conjurations
 + Level 0.2 Charms
 + Level 5.0 Ice Magic


You had 5 spell levels left.
You knew the following spells:

 Your Spells              Type           Power        Failure   Level  Hunger
a - Freeze                Ice            ###.         2%          1    #......
b - Throw Frost           Conj/Ice       ##....       10%         2    ##.....
c - Ozocubu's Armour      Chrm/Ice       #.......     24%         3    ###....


Dungeon Overview and Level Annotations

Branches:
Dungeon (4/15)
 Temple: D:4-7

Altars:


Message History

The orc wizard mumbles some strange words.
The orc wizard blinks!
The orc closely misses you. The orc hits you but does no damage.
Casting: Ozocubu's Armour
Confirm with . or Enter, or press ? or * to list all spells.
You miscast Ozocubu's Armour.
You are very lightly contaminated with residual magic.
Strange energies run through your body.
You feel yourself speed up.
Casting: Ozocubu's Armour
Confirm with . or Enter, or press ? or * to list all spells.
Your icy armour thickens.
The orc misses you.
Casting: Ozocubu's Armour
Confirm with . or Enter, or press ? or * to list all spells.
Okay, then.
The orc closely misses you. The orc closely misses you.
The orc wizard casts a spell at you. The magic dart hits you!
You die...

#. .... #. ....
#.## ...>. # #..#
.....
#.####..#......
#.......#......
#..............
#.@#
#..#...............
#..#...............
#oo#...............
#.o#......(........
#.o#...............
#..#...............
#..#...............
#..................


You could see an orc wizard and 3 orcs.

Vanquished Creatures
  An ogre (D:4)
  A scorpion (D:4)
  An orc wizard (D:3)
  5 adders
  3 oozes
  An adder skeleton (D:4)
  3 dart slugs
  2 leopard geckos
  4 orcs
  A ball python (D:1)
  6 bats (D:1)
  3 giant cockroaches
  8 goblins
  8 hobgoblins
  6 jackals
  8 kobolds
  3 quokkas
  2 frilled lizards (D:1)
  6 rats
72 creatures vanquished.

Notes
Turn   | Place    | Note
-------+----------+-------------------------------------------
     0 | D:1      | Forgotmypassicot the Merfolk Ice Elementalist began the quest for the Orb.
     0 | D:1      | Reached XP level 1. HP: 13/13 MP: 3/3
   166 | D:1      | Reached XP level 2. HP: 19/19 MP: 5/5
   171 | D:1      | Learned a level 2 spell: Throw Frost
   319 | D:1      | Reached skill level 4 in Ice Magic
   720 | D:1      | Reached XP level 3. HP: 12/24 MP: 0/6
  1528 | D:2      | Reached XP level 4. HP: 26/31 MP: 3/7
  1546 | D:2      | Learned a level 3 spell: Ozocubu's Armour
  1579 | D:2      | Reached skill level 1 in Conjurations
  2349 | D:3      | Reached skill level 1 in Fighting
  2408 | D:3      | Reached XP level 5. HP: 11/37 MP: 0/9
  3206 | D:4      | Noticed a phantom
  3276 | D:4      | Noticed an ogre
  3290 | D:4      | Killed an ogre
  3290 | D:4      | Reached skill level 5 in Ice Magic
  3290 | D:4      | Reached XP level 6. HP: 45/45 MP: 0/10
  3509 | D:4      | Found a sand-covered staircase.
  3518 | Ossuary  | Entered an ossuary
  3539 | D:4      | HP: 2/46 [orc (3)]
  3551 | D:4      | Killed from afar by an orc wizard

Skill      XL: |  1  2  3  4  5 |
---------------+----------------+-----
Dodging        | 3 |  3.6
Ice Magic      | 4 5 |  5.0
Conjurations   | 1 |  1.2
Fighting       | 1 2 |  2.5
Stealth        | 3 |  3.1
Spellcasting   | 3 |  3.3
Short Blades   | |  0.5
Charms         | |  0.2

Action                   |  1- 3 |  4- 6 || total
-------------------------+-------+-------++-------
Melee: Unarmed           |    98 |    53 ||   151
       Tailslap          |       |     2 ||     2
       Dagger            |       |    52 ||    52
 Cast: Freeze            |    32 |    51 ||    83
       Throw Frost       |     8 |    13 ||    21
       Ozocubu's Armour  |       |     7 ||     7
  Use: Potion            |     2 |     6 ||     8
       Scroll            |     2 |     5 ||     7
 Stab: Sleeping          |     3 |     3 ||     6
       Distracted        |       |     1 ||     1
  Eat: Chunk             |     3 |     7 ||    10
       Pizza             |       |     1 ||     1
Armor: Robe              |    30 |    39 ||    69
Dodge: Dodged            |   110 |   163 ||   273
